 Dungeon Crawl Stone Soup version 0.16.1-11-g651b585 (webtiles) character file.

458 hulla the Skirmisher (level 7, -2/50 HPs)
             Began as an Octopode Transmuter on Apr 7, 2015.
             Killed from afar by Pikel (9 damage)
             ... with a wand of flame
             ... on level 4 of the Dungeon.
             The game lasted 00:26:04 (4556 turns).

hulla the Skirmisher (Octopode Transmuter)          Turns: 4556, Time: 00:26:04

Health: -2/50      AC:  1    Str:  9    XL:     7   Next: 6%
Magic:  6/12       EV: 12    Int: 17    God:
Gold:   283        SH:  0    Dex: 13    Spells: 3 memorised, 4 levels left

rFire  . . .     SeeInvis .       - Unarmed
rCold  + . .     Clarity  .     (no shield)
rNeg   + . .     SustAb   .     (helmet restricted)
rPois  .         Gourm    .     (no amulet)
rElec  +         Spirit   .     h - ring of protection from cold
rCorr  .         Warding  .     n - ring of positive energy
rMut   .         Stasis   .     (no ring)
MR     .....                    (no ring)
Stlth  ++........               (no ring)
                                (no ring)
                                (no ring)
                                (no ring)

@: not resistant to hostile enchantments, unstealthy
A: almost no armour, amphibious, 8 rings, constrict 8, camouflage 1, blink 1,
electricity resistance, spit poison 1, gelatinous body 1
a: Spit Poison, Blink


You were on level 4 of the Dungeon.
You were hungry.

You visited 1 branch of the dungeon, and saw 4 of its levels.

You collected 283 gold pieces.

Inventory:

Missiles
 b - 32 arrows
 e - 17 stones (quivered)
 o - 21 poisoned needles
 q - 24 silver sling bullets
 u - 21 arrows of flame
Jewellery
 h - a ring of protection from cold (left tentacle)
 n - a ring of positive energy (right tentacle)
 p - an uncursed ring of flight {unknown}
Magical devices
 s - a wand of lightning (0)
Scrolls
 f - a scroll of recharging
 i - 4 scrolls of remove curse
 k - a scroll of enchant weapon
Potions
 l - a potion of heal wounds {unknown}
 t - a potion of ambrosia
 v - a potion of restore abilities
 w - a potion of poison {unknown}
 x - a potion of agility
 z - a potion of lignification {unknown}
Books
 d - a book of Changes

   Spells                             Type                      Level
   a - Beastly Appendage              Transmutation                1
   b - Sticks to Snakes               Transmutation                2
   c - Spider Form                    Transmutation/Poison         3
   d - Ice Form                       Ice/Transmutation            4
   e - Blade Hands                    Transmutation                5
 m - an Akashic Record {highlevel, unknown}

   This book is beyond your current level of understanding.

   Spells                             Type                      Level
   a - Dispersal                      Translocation                6
   b - Controlled Blink               Translocation                7
   c - Malign Gateway                 Summoning/Translocation      7
   d - Disjunction                    Translocation                8
   e - Singularity                    Translocation                9
Comestibles
 a - 3 bread rations
 c - 6 fruits
 j - a beef jerky
 r - 2 chunks of flesh


   Skills:
 + Level 5.1 Fighting
 - Level 2.0 Dodging
 - Level 3.0 Unarmed Combat
 - Level 2.0 Spellcasting
 - Level 4.4 Transmutations
 - Level 3.0 Poison Magic


You had 4 spell levels left.
You knew the following spells:

 Your Spells              Type           Power        Failure   Level  Hunger
a - Beastly Appendage     Trmt           ###...       3%          1    #......
b - Spider Form           Trmt/Pois      ##........   14%         3    ###....
c - Sticks to Snakes      Trmt           ###.......   6%          2    ###....


Dungeon Overview and Level Annotations

Branches:
Dungeon (4/15)
 Temple: D:4-7

Altars:
Cheibriados
Elyvilon
Okawaru

Annotations:
D:4 Pikel


Innate Abilities, Weirdness & Mutations

You cannot wear most types of armour.
You are amphibious.
You can wear up to eight rings at the same time.
You can use your tentacles to constrict many enemies at once.
Your skin changes colour to match your surroundings (Stealth).
Your rubbery body absorbs attacks (AC +1).
You can translocate small distances at will.
You are resistant to electric shocks.
You can spit poison.


Message History

The orc wizard gestures wildly while chanting.
The orc wizard blinks!
Your surroundings suddenly seem different.
The slave shouts!
Pikel shouts!
The slave shouts!
Pikel closely misses you.
Found a meat ration.
Read which item? (? for menu, Esc to quit)
Okay, then.
Drink which item? (? for menu, Esc to quit)
Okay, then.
Read which item? (? for menu, Esc to quit)
Okay, then.
Use which ability? (? or * to list)
You blink.
You feel slightly more hungry.
Your magical contamination has completely faded away.
A quokka comes into view.
Your transformation has ended.
Pikel zaps a wand.
The puff of flame misses you.
Pikel zaps a wand.
The puff of flame hits you!
You die...

.......#....'..)..#....#
.......#....#.....#....#
.......'....##...##....#
#.....###[..##.r.##...##
#.....###...##...######
.......#..........#
.....)p#....K.....#
..[....#....##...##
.......p.<>.####@.#
......p#.....#....#
.....p.#.....'....#
.......#)....#....#
.....###....##....#
....p ##..).##...######
....
+..........##...#### ...
#.....<....#.......#
#..........#.....#.##


You could see Pikel and a quokka.

Vanquished Creatures
  An ogre (D:4)
  A crimson imp (D:3)
  A centaur skeleton (D:4)
  An orc wizard (D:4)
  5 worker ants (D:4)
  Ijyb (D:3)
  3 adders
  2 giant mites
  4 worms
  A giant gecko (D:4)
  7 orcs
  4 ball pythons
  13 bats
  A giant cockroach (D:3)
  9 hobgoblins
  2 oozes
  3 quokkas
  5 giant newts
  7 goblins
  7 jackals
  9 kobolds
  2 rats (D:1)
89 creatures vanquished.

Vanquished Creatures (collateral kills)
  A worker ant (D:4)
  An orc (D:4)
  A quokka (D:4)
3 creatures vanquished.

Grand Total: 92 creatures vanquished

Notes
Turn   | Place    | Note
--------------------------------------------------------------
     0 | D:1      | hulla, the Octopode Transmuter, began the quest for the Orb.
     0 | D:1      | Reached XP level 1. HP: 13/13 MP: 3/3
    41 | D:1      | Reached XP level 2. HP: 9/18 MP: 4/4
   222 | D:1      | Gained mutation: You can spit poison. [potion of beneficial mutation]
   850 | D:1      | Reached XP level 3. HP: 21/23 MP: 6/6
   921 | D:1      | Learned a level 3 spell: Spider Form
   924 | D:1      | Learned a level 2 spell: Sticks to Snakes
  1148 | D:2      | Found a white marble altar of Elyvilon.
  1148 | D:2      | Found an iron altar of Okawaru.
  1148 | D:2      | Found a snail-covered altar of Cheibriados.
  1162 | D:2      | Reached skill level 1 in Poison Magic
  1885 | D:2      | Gained mutation: You can translocate small distances at will. [potion of mutation]
  1885 | D:2      | Gained mutation: You are resistant to electric shocks. [potion of mutation]
  2042 | D:3      | Reached skill level 4 in Transmutations
  2042 | D:3      | Reached XP level 4. HP: 18/28 MP: 7/7
  2280 | D:3      | Noticed Ijyb
  2301 | D:3      | Killed Ijyb
  2365 | D:3      | Reached XP level 5. HP: 28/33 MP: 9/9
  3459 | D:4      | Reached XP level 6. HP: 32/42 MP: 6/10
  3482 | D:4      | Noticed an ogre
  3519 | D:4      | Killed an ogre
  3974 | D:4      | Noticed a slave
  3975 | D:4      | Noticed a slave
  3975 | D:4      | Noticed a slave
  3975 | D:4      | Noticed a slave
  3981 | D:4      | Noticed Pikel
  4250 | D:4      | Reached XP level 7. HP: 28/49 MP: 6/12
  4434 | D:4      | Reached skill level 5 in Fighting
  4556 | D:4      | Killed from afar by Pikel

Action                   |  1- 3 |  4- 6 |  7- 9 || total
-------------------------+-------+-------+-------++-------
Melee: Unarmed           |   102 |   140 |    16 ||   258
 Cast: Beastly Appendage |    12 |     4 |       ||    16
       Spider Form       |     5 |    15 |     1 ||    21
       Sticks to Snakes  |       |     7 |     2 ||     9
 Abil: Spit Poison       |     4 |     3 |       ||     7
       Blink             |       |     1 |     1 ||     2
       End Transformatio |       |     2 |       ||     2
  Use: Scroll            |     2 |    11 |     1 ||    14
       Potion            |     2 |     2 |       ||     4
 Stab: Sleeping          |     2 |     1 |       ||     3
       Distracted        |       |       |     1 ||     1
  Eat: Chunk             |     5 |     9 |     1 ||    15
